 Dungeon Crawl Stone Soup version 0.31.0-12-g77e489cdc1 (webtiles) character file.

Game seed: 16964959771239824774

263 ChrisAssaf the Sneak (level 6, -2/43 HPs)
             Began as a Human Enchanter on Feb 18, 2024.
             Slain by a vampire mosquito (11 damage)
             ... on level 5 of the Dungeon.
             The game lasted 00:09:44 (1970 turns).

ChrisAssaf the Sneak (Human Enchanter)              Turns: 1970, Time: 00:09:44

Health: -2/43      AC:  3    Str:  9    XL:     6   Next: 19%
Magic:  9/9        EV: 12    Int: 17    God:
Gold:   154        SH:  0    Dex: 13    Spells: 2/10 levels left

rFire   . . .        e - +0 dagger (venom)
rCold   . . .        (no shield)
rNeg    . . .        b - +1 robe
rPois   .            (no helmet)
rElec   .            (no cloak)
rCorr   .            (no gloves)
SInv    .            (no boots)
Will    .....        (no amulet)
Stlth   +++          (no ring)
HPRegen 0.27/turn    (no ring)
MPRegen 0.11/turn

%: no passive effects
@: no status effects
A: explore regen
a: no special abilities


You were on level 5 of the Dungeon.
You visited 1 branch of the dungeon, and saw 5 of its levels.

You collected 154 gold pieces.

Inventory:

Hand Weapons
 e - a +0 dagger of venom (weapon)
Armour
 b - a +1 robe (worn)
Wands
 g - a wand of polymorph (7)
Potions
 d - a potion of enlightenment


   Skills:
 * Level 1.2 Fighting
 * Level 2.0 Short Blades
 * Level 1.0 Throwing
 * Level 1.3 Armour
 * Level 2.5 Dodging
 * Level 4.5 Stealth
 + Level 0.3 Unarmed Combat
 * Level 2.5 Spellcasting
 * Level 3.6 Hexes
 * Level 1.0 Ice Magic
 * Level 1.0 Evocations


You had 2 spell levels left.
You knew the following spells:

 Your Spells              Type           Power      Damage    Failure   Level
a - Ensorcelled Hibernat  Hex/Ice        20%        N/A       11%         2
b - Tukima's Dance        Hex            14%        N/A       12%         3
c - Confusing Touch       Hex            14%        N/A       12%         3

Your spell library contained the following spells:

 Spells                   Type           Power      Damage    Failure   Level
 Dazzling Flash           Conj/Hex       16%        N/A       26%         3


Dungeon Overview and Level Annotations

Branches:
Dungeon (5/15)
 Temple: D:4-7

Altars:
Dithmenos
Zin

Annotations:
D:3 3 runed translucent doors, Consumeair16's ghost, weakling HOMo; Nahoo's ghost, amateur GnSh; abcdefg's ghost, amateur FoHu


Innate Abilities, Weirdness & Mutations

You regain HP and MP as you explore.


Message History

The vampire mosquito bites you!
The vampire mosquito draws strength from your injuries!
The vampire mosquito bites you.
The vampire mosquito draws strength from your injuries!
You aren't carrying any scrolls.
Unknown command.
Okay, then.
You hit the vampire mosquito.
The vampire mosquito is lightly damaged.
The vampire mosquito misses you. The vampire mosquito bites you.
The vampire mosquito draws strength from your injuries!
You barely miss the vampire mosquito. The vampire mosquito barely misses you.
You barely miss the vampire mosquito. The vampire mosquito bites you.
The vampire mosquito draws strength from your injuries!
The vampire mosquito bites you.
The vampire mosquito draws strength from your injuries!
You hit the vampire mosquito but do no damage.
The vampire mosquito bites you!
The vampire mosquito draws strength from your injuries!
The vampire mosquito closely misses you.
You hit the vampire mosquito but do no damage.
The vampire mosquito bites you.
* * * LOW HITPOINT WARNING * * *
The vampire mosquito draws strength from your injuries!
The vampire mosquito closely misses you.
Unknown command.
The vampire mosquito barely misses you. The vampire mosquito barely misses you.
The vampire mosquito bites you but does no damage.
The vampire mosquito misses you. The vampire mosquito bites you.
* * * LOW HITPOINT WARNING * * *
The vampire mosquito draws strength from your injuries!
The vampire mosquito closely misses you.
The vampire mosquito attacks as it pursues you!
The vampire mosquito bites you.
* * * LOW HITPOINT WARNING * * *
The vampire mosquito draws strength from your injuries!
The vampire mosquito bites you!
You die...

##.. ##≈# .# ≈≈~#.≈≈
## . ..###.≈..≈##.#..
..#......#.≈.≈≈ .....
.........?.$≈≈#......
.....≈.≈#...~.#......
Y....≈.≈##..!#.......
.....≈.≈##..y@..#
.(..≈≈≈##..##.##.. ..
#.......#......
....#............#
#.....#...#(...#
#...#.....###..#
##..#.#....# #.#
####.##.....### .#
......#.#.#....


You could see a vampire mosquito.

Vanquished Creatures
  2 scorpions
  A bombardier beetle (D:3)
  A jelly (D:4)
  3 gnolls (D:4)
  2 adders (D:2)
  A dart slug (D:2)
  3 ribbon worms
  An orc (D:4)
  A bat (D:1)
  2 endoplasms
  6 giant cockroaches
  A goblin (D:3)
  3 hobgoblins
  5 ball pythons
  5 kobolds
37 creatures vanquished.

Notes
Turn   | Place    | Note
-------+----------+-------------------------------------------
     0 | D:1      | ChrisAssaf the Human Enchanter began the quest for the Orb.
     0 | D:1      | Reached XP level 1. HP: 13/13 MP: 3/3
   251 | D:1      | Reached XP level 2. HP: 19/19 MP: 5/5
   254 | D:1      | Learned a level 2 spell: Ensorcelled Hibernation
   276 | D:1      | You fall into a shaft and drop 1 floor!
   410 | D:2      | Reached XP level 3. HP: 25/25 MP: 3/6
   414 | D:2      | Learned a level 3 spell: Tukima's Dance
   630 | D:3      | Reached XP level 4. HP: 31/31 MP: 4/7
   790 | D:3      | Found a runed translucent gate.
   790 | D:3      | Found a runed translucent gate.
   790 | D:3      | Found a runed translucent gate.
   791 | D:3      | Noticed Consumeair16's ghost (weakling HOMo)
   791 | D:3      | Noticed Nahoo's ghost (amateur GnSh)
   792 | D:3      | Noticed abcdefg's ghost (amateur FoHu)
   871 | D:4      | Found a glowing silver altar of Zin.
  1097 | D:4      | Reached skill level 1 in Armour
  1104 | D:4      | Reached skill level 1 in Fighting
  1374 | D:4      | Reached XP level 5. HP: 36/37 MP: 8/8
  1409 | D:4      | HP: 1/37 [ribbon worm (1)]
  1591 | D:4      | Reached skill level 4 in Stealth
  1709 | D:5      | Entered Level 5 of the Dungeon
  1909 | D:5      | Reached skill level 1 in Throwing
  1909 | D:5      | Reached skill level 1 in Ice Magic
  1909 | D:5      | Reached skill level 1 in Evocations
  1909 | D:5      | Reached XP level 6. HP: 43/43 MP: 6/9
  1913 | D:5      | Learned a level 3 spell: Confusing Touch
  1921 | D:5      | Found a shadowy altar of Dithmenos.
  1949 | D:5      | Noticed an ice beast
  1954 | D:5      | Noticed a vampire mosquito
  1970 | D:5      | Slain by a vampire mosquito

Illustrated notes

Levels and vault maps discovered:
D:1:      psy_arrival_basics, layout_basic
D:2:      layout_loops_corners, serial_shops, nicolae_shop_stone,
          chequers_serial_rivers_micro_e
D:3:      layout_rooms, gammafunk_ghost_cemetery, nicolae_elevator_lobby_plus
D:4:      cheibrodos_old_hovel, layout_basic, mainiacjoe_overflow_catwalk,
          nicolae_wormholes
D:5:      layout_cave_pools, mainiacjoe_overflow_divided_tiny,
          nicolae_overflow_hidden_temple, serial_rivers,
          chequers_serial_rivers_large_a, chequers_serial_rivers_micro_d,
          chequers_serial_rivers_room_b, chequers_serial_rivers_small_b,
          chequers_serial_rivers_micro_a, minmay_manual_monolith

Skill      XL: |  1  2  3  4  5 |
---------------+----------------+-----
Armour         | 1 |  1.3
Fighting       | 1 |  1.2
Stealth        | 4 |  4.5
Short Blades   | 2 |  2.0
Throwing       | 1 |  1.0
Ice Magic      | 1 |  1.0
Evocations     | 1 |  1.0
Dodging        | |  2.5
Unarmed Combat | |  0.3
Spellcasting   | |  2.5
Hexes          | |  3.6

Action                     |  1- 3 |  4- 6 || total
---------------------------+-------+-------++-------
  Melee: Dagger            |    52 |    30 ||    82
         Unarmed           |       |    13 ||    13
  Throw: Throwing net      |       |     1 ||     1
   Cast: Ensorcelled Hiber |     6 |     7 ||    13
         Tukima's Dance    |       |     2 ||     2
    Use: Scroll            |     1 |     5 ||     6
         Potion            |       |     5 ||     5
   Stab: Sleeping          |     7 |     9 ||    16
         Distracted        |     1 |       ||     1
 Armour: Robe              |    19 |    51 ||    70
         Skin              |       |     2 ||     2
  Dodge: Dodged            |    35 |    43 ||    78
